Map: Habitation Station LE (Void)

Players

Fropez

  • Race: Protoss Protoss
  • League: Gold
  • Spawn Location: 11:00

kbarnette - Winner!

  • Race: Protoss Protoss
  • League: Platinum
  • Spawn Location: 1:00

VOD

Have the link to the VOD?

Description

Time

  • Played on: Jan. 12, 2017, 6:21 p.m.
  • Length: 4:47
Show
View Real Time Build Order
Export as new Build Order

Fropez Protoss 

Build Orders: 1 Gate Expand 

Get SALT Encoding   

  12  0:01  Probe (Chrono Boost)  
  13  0:11  Probe (Chrono Boost)  
  14  0:19  Pylon  
  14  0:22  Probe (Chrono Boost)  
  15  0:32  Assimilator  
  15  0:38  Probe (Chrono Boost)  
  16  0:44  Gateway  
  16  0:48  Probe (Chrono Boost)  
  17  0:59  Probe (Chrono Boost)  
  18  1:16  Probe (Chrono Boost)  
  19  1:22  Nexus  
  19  1:27  Probe (Chrono Boost)  
  20  1:37  Probe (Chrono Boost)  
  21  1:45  Cybernetics Core  
  21  1:48  Probe (Chrono Boost)  
  21  1:53  Pylon  
  22  2:02  Probe (Chrono Boost)  
  22  2:07  Pylon  
  23  2:10  Warp Gate  
  23  2:13  Probe (Chrono Boost)  
  23  2:15  Assimilator  
  24  2:28  Stalker  
  26  2:32  Probe (Chrono Boost)  
  27  2:37  Assimilator  
  27  2:39  Mothership Core (Chrono Boost)  
  29  2:45  Pylon  
  29  2:48  Probe (Chrono Boost)  
  30  2:57  Probe (Chrono Boost)  
  31  3:00  Probe (Chrono Boost)  
  32  3:06  Robotics Facility  
  32  3:08  Probe (Chrono Boost)  
  32  3:14  Stalker  
  34  3:21  Probe (Chrono Boost)  
  34  3:22  Probe (Chrono Boost)  
  36  3:31  Probe (Chrono Boost)  
  38  3:34  Probe (Chrono Boost), Gateway  
  38  3:40  Pylon  
  38  3:43  Probe (Chrono Boost)  
  40  3:56  Probe (Chrono Boost)  
  40  3:59  Observer  
  40  4:00  Gateway x2  
  41  4:05  Probe (Chrono Boost)  
  42  4:12  Probe (Chrono Boost)  
  47  4:36  Forge  
  47  4:38  Pylon  
Show
View Real Time Build Order
Export as new Build Order

kbarnette Protoss - Winner!

Build Orders:  

Get SALT Encoding   

  12  0:03  Probe (Chrono Boost)  
  13  0:13  Probe (Chrono Boost)  
  14  0:17  Pylon  
  14  0:24  Probe (Chrono Boost)  
  15  0:36  Probe (Chrono Boost)  
  16  0:45  Gateway  
  16  0:47  Probe (Chrono Boost)  
  17  0:55  Assimilator  
  17  0:57  Probe (Chrono Boost)  
  18  1:08  Probe (Chrono Boost)  
  19  1:22  Probe (Chrono Boost)  
  20  1:36  Cybernetics Core  
  20  1:39  Pylon  
  20  1:40  Zealot  
  20  1:44  Probe (Chrono Boost)  
  23  1:57  Probe (Chrono Boost)  
  23  1:58  Warp Gate  
  24  2:11  Gateway  
  24  2:15  Gateway x2  
  24  2:16  Stalker  
  27  2:24  Probe (Chrono Boost)  
  27  2:47  Zealot  
  29  2:56  Pylon  
  29  3:03  Gateway  
  29  3:06  Stalker  
  29  3:08  Gateway  
  31  3:14  Pylon, Stalker, Zealot  
  35  3:55  Pylon  
  35  4:02  Stalker x4  
  42  4:17  Zealot x2  
  44  4:27  Stalker  
  44  4:30  Zealot x3  
Tags
 
Add a new tag
Caveats
  • Supply blocks, unpowered buildings, or Contaminate may cause inaccurate times.
  • Supply counts are checked every 10 seconds.